 Dungeon Crawl Stone Soup version 0.27-a0-1456-gf5a116941d (webtiles) character file.

Game seed: 9441627008971340952

13 Gwenloh the Grasshopper (level 2, 0/14 HPs)
             Began as a Spriggan Warper on July 5, 2021.
             Slain by a kobold (4 damage)
             ... on level 1 of the Dungeon.
             The game lasted 00:01:49 (667 turns).

Gwenloh the Grasshopper (Spriggan Warper)            Turns: 667, Time: 00:01:50

Health: 0/14       AC:  2    Str:  7    XL:     2   Next: 24%
Magic:  6/6        EV: 17    Int: 14    God:
Gold:   8          SH:  0    Dex: 14    Spells: 6/6 levels left

rFire    . . .     SeeInvis +   a - +0 short sword
rCold    . . .     Faith    .   (shield restricted)
rNeg     . . .     Spirit   .   b - +0 robe
rPois    .         Reflect  .   (helmet restricted)
rElec    .         Harm     .   (no cloak)
rCorr    .         Rampage  .   (gloves unavailable)
Will     .....                  (boots unavailable)
Stlth    ++........             (no amulet)
HPRegen  0.04/turn              (no ring)
MPRegen  0.10/turn              (no ring)

@: very quick
A: very small, no large weapons, unfitting armour, see invisible, speed 3
a: no special abilities


You were on level 1 of the Dungeon.
You visited 1 branch of the dungeon, and saw 1 of its levels.

You collected 8 gold pieces.

Inventory:

Hand Weapons
 a - a +0 short sword (weapon)
Missiles
 d - 5 boomerangs of dispersal
 e - 11 poisoned darts (quivered)
 f - 25 stones
Armour
 b - a +0 robe (worn)
Jewellery
 g - an amulet of faith
Scrolls
 c - a scroll of blinking


   Skills:
 - Level 1.5 Fighting
 + Level 2.3 Short Blades
 - Level 1.0 Throwing
 * Level 3.5 Dodging
 * Level 1.4 Stealth
 + Level 2.8 Spellcasting
 * Level 4.6 Translocations


You had 6 spell levels left.
You didn't know any spells.
Your spell library contained the following spells:

 Spells                   Type           Power      Damage    Failure   Level
 Blink                    Tloc           N/A        N/A       4%          2
 Gell's Gravitas          Tloc           7%         N/A       10%         3
 Lesser Beckoning         Tloc           7%         N/A       10%         3
 Teleport Other           Tloc           15%        N/A       10%         3
 Manifold Assault         Tloc           15%        N/A       65%         5


Dungeon Overview and Level Annotations

Branches:
Dungeon (1/15)

Altars:


Innate Abilities, Weirdness & Mutations

You are very small and have problems with some larger weapons.
You are too small for most types of armour.
You have supernaturally acute eyesight. (SInv)
You cover ground extremely quickly. (Speed+++)


Message History

You hit the ball python.
You kill the ball python!
You kill the goblin!
You hit the goblin.
The goblin is heavily wounded.
The goblin barely misses you.
You closely miss the goblin.
The goblin is heavily wounded.
The goblin hits you with a +0 club.
You hit the goblin.
You kill the goblin!
You start resting.
HP restored.
Things that are here:
a +0 club; a goblin corpse; a ball python corpse
e - 10 poisoned darts (gained 1)
Things that are here:
a +0 club; a goblin corpse
e - 11 poisoned darts (gained 1)
A rat comes into view.
You hit the rat.
You kill the rat!
No target in view!
A kobold comes into view. It is wielding a +0 short sword.
The kobold throws a stone.
The stone closely misses you. The kobold completely misses you.
You barely miss the kobold. The kobold misses you.
You closely miss the kobold.
The kobold hits you with a +0 short sword.
You closely miss the kobold.
The kobold hits you with a +0 short sword.
You barely miss the kobold.
The kobold hits you with a +0 short sword.
You barely miss the kobold.
The kobold hits you with a +0 short sword.
* * * LOW HITPOINT WARNING * * *
You closely miss the kobold. The kobold closely misses you.
You hit the kobold.
The kobold is severely wounded.
The kobold hits you with a +0 short sword.
You die...

### ..#
#.# #.#
... #.#
#K# #@#
#.#######
#.##....#
#.##....#
#.##....#
#.......#
####...##
#...#
#...####


You could see a kobold.

Vanquished Creatures
  An endoplasm (D:1)
  3 goblins (D:1)
  A hobgoblin (D:1)
  2 jackals (D:1)
  A ball python (D:1)
  2 bats (D:1)
  A frilled lizard (D:1)
  A rat (D:1)
12 creatures vanquished.

Notes
Turn   | Place    | Note
-------+----------+-------------------------------------------
     0 | D:1      | Gwenloh the Spriggan Warper began the quest for the Orb.
     0 | D:1      | Reached XP level 1. HP: 10/10 MP: 5/5
   333 | D:1      | Reached skill level 1 in Stealth
   460 | D:1      | Reached XP level 2. HP: 14/14 MP: 6/6
   667 | D:1      | Slain by a kobold

Illustrated notes

Levels and vault maps discovered:
D:1:      lightli_arrival_statue_moat, layout_basic

Skill      XL: |  1 |
---------------+----+-----
Stealth        | 1 |  1.4
Fighting       | |  1.5
Short Blades   | |  2.3
Throwing       | |  1.0
Dodging        | |  3.5
Spellcasting   | |  2.8
Translocations | |  4.6

Action                   || total
-------------------------++-------
Melee: Short sword       ||    40
Throw: Dart              ||     2
 Stab: Sleeping          ||     2
Armor: Robe              ||     4
Dodge: Dodged            ||    32

Table legend: (Time is in decaauts)
 A = Elapsed time spent in this place.
 B = Non-inter-level travel time spent in this place.
 C = Inter-level travel time spent in this place.
 D = Time resting spent in this place.
 E = Time spent auto-exploring this place.
 F = Levels seen in this place.
 G = Mean time per level.
                   A        B        C        D        E       F      G
               +--------+--------+--------+--------+--------+-----+--------+
         Total |    588 |    588 |      0 |    412 |     52 |   1 |  588.0 |
       Dungeon |    588 |    588 |      0 |    412 |     52 |   1 |  588.0 |
               +--------+--------+--------+--------+--------+-----+--------+

Top non-repeatable levels by time:
     D:1: 588 daAuts
